 Dungeon Crawl Stone Soup version 0.25.0-1-g7eea58d (webtiles) character file.

Game seed: 17508274805159567297

346 oshikia the Insei (level 6, -11/47 HPs)
             Began as a Demonspawn Gladiator on June 13, 2020.
             Was a Follower of Dithmenos.
             Shot with an arrow by a centaur (14 damage)
             ... on level 5 of the Dungeon.
             The game lasted 00:06:47 (4254 turns).

oshikia the Insei (Demonspawn Gladiator)            Turns: 4254, Time: 00:06:47

Health: -11/47     AC:  4    Str: 13    XL:     6   Next: 32%
Magic:  0/7        EV: 13    Int:  9    God:    Dithmenos [*.....]
Gold:   202        SH:  0    Dex: 16    Spells: 3/6 levels left

rFire    + . .     SeeInvis .     - Unarmed
rCold    + + .     Gourm    .   (no shield)
rNeg     . . .     Faith    .   l - +2 leather armour {MR+}
rPois    .         Spirit   +   (helmet restricted)
rElec    .         Reflect  .   q - scarf {rC+ rF+}
rCorr    .         Harm     .   o - +0 pair of gloves
MR       +....     Clarity  +   (no boots)
Stlth    ++........             g - amulet of guardian spirit
HPRegen  0.15/turn              t - ring of protection from cold
MPRegen  0.10/turn              u - ring of attention (curse)

@: brilliant, wreathed by umbra
A: antennae 1, clarity, deformed body, demonic guardian 1, nightstalker 1, weak
1
a: Renounce Religion


You were on level 5 of the Dungeon.
You worshipped Dithmenos.
Dithmenos was aware of your devotion.
You were not hungry.

You visited 1 branch of the dungeon, and saw 5 of its levels.

You collected 202 gold pieces.

Inventory:

Missiles
 c - 2 throwing nets (quivered)
 k - 6 curare-tipped darts
Armour
 a - a +0 leather armour
 b - a +0 helmet
 l - a +2 leather armour of magic resistance (worn)
 o - a +0 pair of gloves (worn)
 q - a scarf of resistance (worn)
Jewellery
 g - an amulet of guardian spirit (around neck)
 t - a ring of protection from cold (left hand)
 u - a cursed ring of attention (right hand)
Wands
 i - a wand of flame (14)
Scrolls
 e - 5 scrolls of identify
 j - a scroll of fog
 m - a scroll of amnesia
 s - a scroll of teleportation
Potions
 f - a potion of mutation
 h - 2 potions of brilliance
Comestibles
 d - 6 rations
 n - 5 chunks of flesh


   Skills:
 + Level 3.6 Fighting
 - Level 1.7 Throwing
 - Level 2.6 Dodging
 + Level 2.2 Stealth
 * Level 5.0 Unarmed Combat
 + Level 0.9 Spellcasting
 + Level 1.1 Hexes


You had 3 spell levels left.
You knew the following spells:

 Your Spells              Type           Power        Failure   Level  Hunger
a - Confusing Touch       Hex            #.......     65%         3    None

Your spell library contained the following spells:

 Spells                   Type           Power        Failure   Level  Hunger
 Gell's Gravitas          Tloc           #.........   82%         3    None
 Petrify                  Tmut/Erth      #.......     99%         4    None
 Metabolic Englaciation   Hex/Ice        #.........   100%        5    None
 Yara's Violent Unravell  Hex/Tmut       #.........   100%        5    None


Dungeon Overview and Level Annotations

Branches:
Dungeon (5/15)
 Temple: D:4-7

Altars:
Dithmenos
Ru
Xom


Innate Abilities, Weirdness & Mutations

You have a pair of small antennae on your head.
A weak demonic guardian rushes to your aid.
You are slightly more attuned to the shadows.
You possess an exceptional clarity of mind.
Armour fits poorly on your strangely shaped body.
You are weak. (Str -2)


Message History

The centaur unwields a +0 shortbow.
The centaur completely misses your white imp.
The centaur skeleton hits your white imp but does no damage.
Your iron imp hits the centaur but does no damage.
Your white imp hits the centaur but does no damage.
The centaur barely misses your white imp.
The centaur skeleton closely misses your white imp.
Your white imp closely misses the centaur.
The centaur hits your white imp.
Your iron imp barely misses the centaur.
The centaur skeleton hits your white imp.
Your white imp dies!
The centaur shouts!
It was a potion of mutation.
You feel extremely strange.
You feel weaker.
Your body twists and deforms.
Your thoughts seem clearer.
It was a potion of brilliance.
You feel clever all of a sudden.
The centaur wields a +0 shortbow.
The centaur shoots an arrow.
The arrow hits you!
You die...

### ..# #.# #.#
############# # #รท#
#........@.(#
###.####.#########c#
......##.# #.#
###.#.##.# #(# #
#.#.##.# #c# #
#.#.##.# #..Z5.....
###..#(#.#
#[#.#.....
....###..#
#.#.###...
####.#.##### # #.#
..


You could see a centaur.

Vanquished Creatures
  A centaur zombie (D:5)
  A hound (D:3)
  An orc priest (D:3)
  A centaur skeleton (D:4)
  Jessica (D:2)
  Natasha (D:3)
  A worker ant (D:4)
  4 adders
  2 adder skeletons (D:4)
  A worm (D:3)
  A dart slug (D:2)
  3 leopard geckos
  5 orcs
  2 ball pythons
  4 giant cockroaches
  6 hobgoblins
  4 jackals (D:3)
  A quokka (D:4)
  A bat (D:2)
  6 frilled lizards
  3 goblins
  A kobold (D:1)
  A leopard gecko zombie (D:5)
  A quokka skeleton (D:4)
  4 rats
57 creatures vanquished.

Vanquished Creatures (collateral kills)
  An ogre (D:4)
1 creature vanquished.

Grand Total: 58 creatures vanquished

Notes
Turn   | Place    | Note
-------+----------+-------------------------------------------
     0 | D:1      | oshikia the Demonspawn Gladiator began the quest for the
                  | Orb.
     0 | D:1      | Reached XP level 1. HP: 16/16 MP: 1/1
   128 | D:1      | Reached skill level 3 in Unarmed Combat
   249 | D:1      | Gained mutation: A weak demonic guardian rushes to your
                  | aid. [demonic ancestry]
   249 | D:1      | Reached XP level 2. HP: 8/22 MP: 2/2
  1232 | D:2      | Noticed Jessica
  1241 | D:2      | Killed Jessica
  1241 | D:2      | Gained mutation: You are slightly more attuned to the
                  | shadows. [demonic ancestry]
  1241 | D:2      | Reached XP level 3. HP: 23/28 MP: 3/3
  1457 | D:2      | Found a shadowy altar of Dithmenos.
  1491 | D:2      | Became a worshipper of Dithmenos the Shadowed
  2071 | D:3      | Found a sacrificial altar of Ru.
  2141 | D:3      | Reached skill level 4 in Unarmed Combat
  2141 | D:3      | Reached XP level 4. HP: 31/34 MP: 2/4
  2215 | D:3      | Noticed Natasha
  2223 | D:3      | Killed Natasha
  2223 | D:3      | Reached skill level 1 in Stealth
  2597 | D:3      | Gained mutation: You have a pair of small antennae on your
                  | head. [demonic ancestry]
  2597 | D:3      | Reached XP level 5. HP: 7/41 MP: 0/5
  3173 | D:4      | Found a shimmering altar of Xom.
  3186 | D:4      | Reached * piety under Dithmenos
  3234 | D:4      | Learned a level 3 spell: Confusing Touch
  3742 | D:4      | Noticed an ogre
  3750 | D:4      | Killed an ogre
  3750 | D:4      | Reached XP level 6. HP: 44/47 MP: 4/6
  4046 | D:5      | Entered Level 5 of the Dungeon
  4052 | D:5      | Reached skill level 5 in Unarmed Combat
  4052 | D:5      | Reached skill level 1 in Hexes
  4248 | D:5      | HP: 2/47 [centaur/arrow (10)]
  4253 | D:5      | Gained mutation: You are weak. (Str -2) [potion of
                  | mutation]
  4253 | D:5      | Gained mutation: Armour fits poorly on your strangely
                  | shaped body. [potion of mutation]
  4253 | D:5      | Gained mutation: You possess an exceptional clarity of
                  | mind. [potion of mutation]
  4254 | D:5      | Shot with an arrow by a centaur

Illustrated notes

Levels and vault maps discovered:
D:1:      erik_arrival_orb_chamber, layout_basic, minmay_misc_feat_tiny
D:2:      layout_loops_cross, nicolae_dithmenos_shadow_blocks, minivault_26,
          uniq_jessica
D:3:      layout_loops_cross, lemuel_crystal_altar, first_ration, serial_glass,
          glass_columns_a, glass_columns_b, glass_columns_a, glass_columns_c,
          glass_columns_c, glass_columns_a, glass_columns_a, glass_columns_a,
          glass_columns_b, glass_columns_a, uniq_natasha
D:4:      layout_cave_pools, xom_teletrap_fun
D:5:      layout_loops_ring, roderic_cross_of_infinity, roderic_batcave

Skill      XL: |  1  2  3  4  5  6 |
---------------+-------------------+-----
Unarmed Combat | 3 4 5 |  5.0
Fighting       | 3 |  3.6
Stealth        | 1 2 |  2.2
Hexes          | 1 |  1.1
Throwing       | |  1.7
Dodging        | |  2.6
Spellcasting   | |  0.9

Action                   |  1- 3 |  4- 6 || total
-------------------------+-------+-------++-------
Melee: Unarmed           |    92 |   169 ||   261
       Punch             |     1 |     5 ||     6
Throw: Throwing net      |     2 |     2 ||     4
  Use: Scroll            |       |     6 ||     6
       Potion            |       |     2 ||     2
 Stab: Sleeping          |     2 |     6 ||     8
       Distracted        |     1 |       ||     1
       Held in net/web   |       |     2 ||     2
  Eat: Chunk             |     3 |     8 ||    11
Armor: Leather armour    |    19 |    26 ||    45
Dodge: Dodged            |    45 |   113 ||   158
